 Dungeon Crawl Stone Soup version 0.26-a0-86-gd5eb6995ac (webtiles) character file.

Game seed: 5056055558245425829

1502498 bmfx the Archmage (level 27, 165/165 HPs)
             Began as a Spriggan Fire Elementalist on June 21, 2020.
             Was the Champion of Ashenzari.
             Escaped with the Orb
             ... and 3 runes!
             The game lasted 04:54:32 (122983 turns).

bmfx the Archmage (Spriggan Fire Elementalist)    Turns: 122983, Time: 04:54:33

Health: 165/165    AC: 15    Str:  4    XL:     27
Magic:  63/64      EV: 42    Int: 42    God:    Ashenzari [******]
Gold:   7046       SH: 13    Dex: 27    Spells: 9/80 levels left

rFire    + . .     SeeInvis +   l - +1 scimitar of Understanding {venom, *Slow +Blink rElec Int+9} (curse)
rCold    + . .     Gourm    .   a - +3 buckler {AC+3} (curse)
rNeg     . . .     Faith    .   O - +5 steam dragon scales (curse)
rPois    .         Spirit   +   b - +2 hat (curse)
rElec    +         Reflect  .   t - scarf {rC+ rF+} (curse)
rCorr    +         Harm     .   (gloves unavailable)
MR       ++++.     Clarity  +   (boots unavailable)
Stlth    ++........             A - amulet "Ufriv" {Spirit +Inv Dex+4} (curse)
HPRegen  0.37/turn              n - ring "Seujat" {Wiz MP+9 Dex+3} (curse)
MPRegen  0.39/turn              S - ring "Meileav" {rCorr Int+7 SInv} (curse)

@: studying Ice Magic, very quick
A: very small, unfitting armour, see invisible, herbivore, speed 3, slow
metabolism 2
0: Orb of Zot
}: 3/15 runes: serpentine, barnacled, silver
a: Curse Item, Scrying, Transfer Knowledge, Renounce Religion, Evoke Blink,
Evoke Invisibility


You escaped.
You worshipped Ashenzari.
Ashenzari was exalted by your worship.
You were completely stuffed.

You visited 11 branches of the dungeon, and saw 53 of its levels.
You visited 2 bazaars.
You visited 1 ziggurat, and saw 7 of its levels.
You also visited: Wizlab.

You collected 12771 gold pieces.
You spent 5725 gold pieces at shops.


Innate Abilities, Weirdness & Mutations

You are very small and have problems with some larger weapons.
You are too small for most types of armour.
You have supernaturally acute eyesight. (SInv)
You are a herbivore.
You cover ground extremely quickly.
You need to consume almost no food.

Dungeon Overview and Level Annotations

Branches:
Dungeon (15/15)            Temple (1/1) D:4            Lair (6/6) D:8
 Shoals (4/4) Lair:4        Snake (4/4) Lair:4        Slime (0/5) Lair:6
    Orc (2/2) D:12            Elf (3/3) Orc:2        Vaults (5/5) D:14
  Crypt (3/3) Vaults:3       Tomb (0/3) Crypt:3      Depths (5/5) D:15
    Zot (5/5) Depths:5     WizLab (visited)

Altars:
Ashenzari
Cheibriados
Dithmenos
Elyvilon
Fedhas
Gozag
Hepliaklqana
Kikubaaqudgha
Makhleb
Nemelex Xobeh
Okawaru
Qazlal
Ru
Sif Muna
Trog
Uskayaw
Vehumet
Wu Jian
Xom
Yredelemnul
Zin
The Shining One
Beogh
Jiyva

Shops:
D:9 *   D:11 [   Orc:2 *:!?(   Elf:3 ?   Vaults:2 (![(   Vaults:4 *

Portals:
Hell: Depths:1 Depths:2 Depths:3 Depths:4 Depths:5
Abyss: D:3 Depths:1 Depths:2 Depths:4 Depths:5
Pandemonium: Depths:3 Depths:4 Depths:5

Annotations:
Zot:4 2 transporters, Cuas's ghost, legendary DsFi


   Skills:
 + Level 23.5 Fighting
   Level 1.2 Slings
 - Level 20.5(24.0) Dodging
 - Level 3.0(6.8) Stealth
 - Level 4.3(7.2) Shields
 O Level 27 Spellcasting
 - Level 17.2(21.0) Conjurations
 - Level 7.5(12.0) Charms
 - Level 10.7(15.0) Necromancy
 - Level 2.0(5.3) Translocations
 - Level 17.2(21.0) Fire Magic
 - Level 17.2(21.0) Ice Magic
 - Level 7.5(12.0) Evocations


You had 9 spell levels left.
You knew the following spells:

 Your Spells              Type           Power        Failure   Level  Hunger
a - Apportation           Tloc           ######       1%          1    None
b - Blink                 Tloc           N/A          1%          2    None
d - Death's Door          Chrm/Necr      ########..   2%          8    None
e - Borgnjor's Revivific  Necr           ########..   1%          8    None
f - Foxfire               Conj/Fire      ####         0%          1    None
o - Orb of Destruction    Conj           ########..   1%          7    None
u - Sublimation of Blood  Necr           ########..   0%          2    None
w - Passwall              Tmut/Erth      ######..     1%          2    None
A - Frozen Ramparts       Ice            ######       0%          3    None
B - Absolute Zero         Ice            ########..   1%          9    None
C - Fireball              Conj/Fire      ########..   0%          5    None
D - Starburst             Conj/Fire      ########..   0%          6    None
E - Fire Storm            Conj/Fire      ########..   1%          9    None
F - Hailstorm             Conj/Ice       ########     0%          4    None
Z - Sticky Flame          Conj/Fire      ########     0%          4    None

Your spell library contained the following spells:

 Spells                   Type           Power        Failure   Level  Hunger
 Animate Skeleton         Necr           N/A          0%          1    None
 Freeze                   Ice            ####         0%          1    None
 Infusion                 Chrm           ####         0%          1    None
 Magic Dart               Conj           ####         0%          1    None
 Pain                     Necr           ####         0%          1    None
 Corpse Rot               Necr/Air       N/A          0%          2    None
 Ensorcelled Hibernation  Hex/Ice        ######       0%          2    None
 Searing Ray              Conj           ######       0%          2    None
 Shroud of Golubria       Chrm/Tloc      ######       0%          2    None
 Song of Slaying          Chrm           ########     0%          2    None
 Conjure Flame            Conj/Fire      ########     0%          3    None
 Dazzling Flash           Conj/Hex       ######       0%          3    None
 Inner Flame              Hex/Fire       #######.     0%          3    None
 Ozocubu's Armour         Chrm/Ice       ########     0%          3    None
 Static Discharge         Conj/Air       #######.     0%          3    None
 Stone Arrow              Conj/Erth      ######       0%          3    None
 Vampiric Draining        Necr           ########..   0%          3    None
 Animate Dead             Necr           N/A          0%          4    None
 Iskenderun's Mystic Bla  Conj/Tloc      ########     0%          4    None
 Agony                    Necr           ########     0%          5    None
 Bolt of Magma            Conj/Fire/Erth ########..   0%          5    None
 Iskenderun's Battlesphe  Conj/Chrm      ########     0%          5    None
 Beastly Appendage        Tmut           ######       1%          1    None
 Corona                   Hex            ######.      1%          1    None
 Sandblast                Erth           ######       1%          1    None
 Sting                    Tmut/Pois      ####         1%          1    None
 Summon Butterflies       Summ           ######..     1%          1    None
 Summon Small Mammal      Summ           ####         1%          1    None
 Call Imp                 Summ           ######..     1%          2    None
 Poisonous Vapours        Pois/Air       ######       1%          2    None
 Slow                     Hex            ######..     1%          2    None
 Sticks to Snakes         Tmut           ######..     1%          2    None
 Call Canine Familiar     Summ           ######..     1%          3    None
 Gell's Gravitas          Tloc           #######...   1%          3    None
 Ignite Poison            Fire/Tmut/Pois #######.     1%          3    None
 Lesser Beckoning         Tloc           #######...   1%          3    None
 Mephitic Cloud           Conj/Pois/Air  #######.     1%          3    None
 Portal Projectile        Hex/Tloc       ######       1%          3    None
 Spectral Weapon          Hex/Chrm       #######.     1%          3    None
 Spider Form              Tmut/Pois      ######....   1%          3    None
 Summon Guardian Golem    Hex/Summ       ######..     1%          3    None
 Teleport Other           Tloc           #######.     1%          3    None
 Tukima's Dance           Hex            ######..     1%          3    None
 Cause Fear               Hex            ######....   1%          4    None
 Fulminant Prism          Conj/Hex       #######...   1%          4    None
 Ice Form                 Ice/Tmut       #######.     1%          4    None
 Leda's Liquefaction      Hex/Erth       ######....   1%          4    None
 Olgreb's Toxic Radiance  Pois           ######..     1%          4    None
 Petrify                  Tmut/Erth      ######..     1%          4    None
 Summon Ice Beast         Ice/Summ       #######.     1%          4    None
 Summon Lightning Spire   Summ/Air       ######..     1%          4    None
 Borgnjor's Vile Clutch   Necr/Erth      #######...   1%          5    None
 Excruciating Wounds      Chrm/Necr      ########..   1%          5    None
 Irradiate                Conj/Tmut      #######...   1%          5    None
 Lightning Bolt           Conj/Air       #######...   1%          5    None
 Metabolic Englaciation   Hex/Ice        #######...   1%          5    None
 Summon Forest            Summ/Tloc      ######....   1%          5    None
 Conjure Ball Lightning   Conj/Air       #######...   1%          6    None
 Death Channel            Necr           ########..   1%          6    None
 Dispersal                Tloc           #######...   1%          6    None
 Freezing Cloud           Conj/Ice/Air   ########..   1%          6    None
 Iron Shot                Conj/Erth      #######...   1%          6    None
 Simulacrum               Ice/Necr       ########..   1%          6    None
 Ring of Flames           Chrm/Fire      ########..   1%          7    None
 Infestation              Necr           ########..   1%          8    None
 Alistair's Intoxication  Tmut/Pois      ######..     2%          5    None
 Blade Hands              Tmut           ######....   2%          5    None
 Lee's Rapid Deconstruct  Erth           ######....   2%          5    None
 Silence                  Hex/Air        ######....   2%          5    None
 Summon Mana Viper        Hex/Summ       ######..     2%          5    None
 Yara's Violent Unravell  Hex/Tmut       ######....   2%          5    None
 Haunt                    Necr/Summ      #######...   3%          7    None
 Chain Lightning          Conj/Air       #######...   9%          8    None
 Lehudib's Crystal Spear  Conj/Erth      #######...   9%          8    None
 Darkness                 Hex            ######....   12%         6    None
 Eringya's Noxious Bog    Tmut/Pois      ######....   12%         6    None
 Hydra Form               Tmut           ######....   12%         6    None
 Invisibility             Hex            ######..     12%         6    None
 Shadow Creatures         Summ           N/A          12%         6    None
 Statue Form              Tmut/Erth      ######...    12%         6    None
 Necromutation            Tmut/Necr      #######...   26%         8    None
 Dragon Form              Tmut           ######....   52%         7    None
 Summon Hydra             Summ           ######....   52%         7    None
 Discord                  Hex            ######....   99%         8    None
 Dragon's Call            Summ           ######....   100%        9    None
 Shatter                  Erth           ######....   100%        9    None
 Tornado                  Air            ######....   100%        9    None
 Passage of Golubria      Tloc           Unusable     N/A         4    N/A

Action                   |  1- 3 |  4- 6 |  7- 9 | 10-12 | 13-15 | 16-18 | 19-21 | 22-24 | 25-27 || total
-------------------------+-------+-------+-------+-------+-------+-------+-------+-------+-------++-------
Melee: Dagger            |     1 |     3 |       |       |       |       |       |       |       ||     4
       Long sword        |       |     1 |     9 |    88 |   206 |       |       |       |       ||   304
       Scimitar          |       |       |       |       |    30 |    25 |    22 |    24 |    41 ||   142
 Fire: Hunting sling     |       |    10 |    10 |    90 |       |       |       |       |       ||   110
Throw: Stone             |       |     1 |       |       |     2 |       |       |       |       ||     3
       Dart              |       |       |       |       |       |     3 |       |       |     2 ||     5
 Cast: Foxfire           |    64 |   151 |   309 |   482 |   299 |     3 |       |       |       ||  1308
       Sticky Flame      |       |       |     8 |    82 |   120 |    18 |    11 |       |       ||   239
       Fireball          |       |       |       |    13 |   402 |   476 |   598 |   132 |    19 ||  1640
       Orb of Destructio |       |       |       |       |       |    58 |    82 |     1 |       ||   141
       Starburst         |       |       |       |       |       |     7 |    68 |    15 |    15 ||   105
       Hailstorm         |       |       |       |       |       |     2 |     9 |       |       ||    11
       Frozen Ramparts   |       |       |       |       |       |       |     4 |       |       ||     4
       Absolute Zero     |       |       |       |       |       |       |    37 |   192 |   582 ||   811
       Passwall          |       |       |       |       |       |       |       |     2 |       ||     2
       Fire Storm        |       |       |       |       |       |       |       |     6 |   134 ||   140
       Sublimation of Bl |       |       |       |       |       |       |       |       |    80 ||    80
       Apportation       |       |       |       |       |       |       |       |       |     7 ||     7
       Blink             |       |       |       |       |       |       |       |       |     4 ||     4
Invok: Curse Item        |       |       |     2 |     1 |     6 |       |     2 |     1 |     3 ||    15
       Scrying           |       |       |       |       |     1 |       |       |       |       ||     1
Evoke: Wand              |       |     2 |     9 |     7 |     8 |       |     1 |     5 |     4 ||    36
       Lightning rod     |       |       |       |     2 |    11 |    17 |     1 |       |     4 ||    35
       Tin of tremorston |       |       |       |       |       |     7 |     4 |       |       ||    11
       Phial of floods   |       |       |       |       |       |       |     1 |       |       ||     1
  Use: Scroll            |       |    11 |     4 |    12 |    13 |     5 |     9 |     6 |     8 ||    68
       Potion            |       |       |     1 |     3 |     2 |     2 |     4 |     5 |    19 ||    36
 Stab: Sleeping          |     1 |     3 |     1 |       |     3 |       |       |       |       ||     8
       Paralysed         |       |       |       |       |    13 |       |       |       |       ||    13
  Eat: Ration            |       |     1 |     3 |     7 |    10 |     7 |    10 |     6 |    18 ||    62
Armor: Robe              |       |     1 |     4 |     1 |       |       |       |       |       ||     6
       Steam dragon scal |       |       |       |    26 |    69 |    13 |    20 |     4 |    10 ||   142
Dodge: Dodged            |     3 |     9 |    39 |   298 |   503 |   175 |   185 |    63 |   145 ||  1420
Block: Buckler           |       |       |       |       |   113 |    55 |    54 |    26 |    46 ||   294
       Reflection        |       |       |       |       |     2 |    22 |    23 |     9 |     3 ||    59
       Rpst.: Long sword |       |       |     7 |    83 |    89 |       |       |       |       ||   179
       Scimitar          |       |       |       |       |    18 |    25 |    20 |    10 |    17 ||    90

Skill      XL: |  1  2  3  4  5  6  7  8  9 10 11 12 13 14 15 16 17 18 19 20 21 22 23 24 25 26 27 |
---------------+----------------------------------------------------------------------------------+-----
Spellcasting   | 3 4 5 6 8 13 16 18 20 22 24 27 | 27.0
Conjurations   | 1 2 3 5 6 7 8 10 11 13 14 15 16 17 | 17.2
Fire Magic     | 3 4 6 7 8 9 11 12 14 15 17 | 17.2
Slings         | 1 |  1.2
Evocations     | 4 5 7 |  7.5
Fighting       | 1 4 6 8 9 10 12 14 23 | 23.5
Dodging        | 5 8 11 12 16 17 20 | 20.5
Shields        | 3 4 |  4.3
Ice Magic      | 5 11 15 17 | 17.2
Translocations | 2 |  2.0
Necromancy     | 3 10 | 10.7
Charms         | 7 |  7.5
Stealth        | |  3.0

Inventory:

Hand Weapons
 l - the cursed +1 scimitar of Understanding (weapon) {venom, *Slow +Blink rElec Int+9}
   (You bought it in a shop on level 2 of the Orcish Mines)

   It poisons the flesh of those it strikes.
   It affects your intelligence (+9).
   It insulates you from electricity.
   It lets you blink.
   It may slow you when you take damage.
   It has a curse placed upon it.
Missiles
 y - 13 curare-tipped darts (quivered)
 D - 18 throwing nets {!f}
Armour
 a - a cursed +3 buckler of protection (worn)
 b - a cursed +2 hat (worn)
 t - a cursed scarf of resistance (worn)
 O - cursed +5 steam dragon scales (worn)
Jewellery
 i - the amulet "Isuenowk" {rF+ rC+ Regen+ SInv}
   (You took it off a deep elf death mage on level 3 of the Elven Halls)

   [amulet of regeneration]

   It protects you from fire.
   It protects you from cold.
   It lets you see invisible.
   It increases your rate of regeneration.
 n - the cursed ring "Seujat" (left hand) {Wiz MP+9 Dex+3}
   (You took it off an ironbrand convoker on level 5 of the Vaults)

   [ring of wizardry]

   It improves your spell success rate.
   It affects your dexterity (+3).
   It affects your magic capacity (+9).
   It has a curse placed upon it.
 A - the cursed amulet "Ufriv" (around neck) {Spirit +Inv Dex+4}
   (You found it on level 5 of the Vaults)

   [amulet of guardian spirit]

   It causes incoming damage to be split between your health and magic.
   It affects your dexterity (+4).
   It lets you turn invisible.
   It has a curse placed upon it.
 L - an uncursed ring of flight
 S - the cursed ring "Meileav" (right hand) {rCorr Int+7 SInv}
   (You took it off a frost giant on level 2 of the Depths)

   [ring of resist corrosion]

   It affects your intelligence (+7).
   It lets you see invisible.
   It provides partial protection from all sources of acid and corrosion.
   It has a curse placed upon it.
 V - the cursed ring "Forget-Me-Not" {rElec rF+}
   (You acquired it on level 1 of the Elven Halls)

   [ring of protection from fire]

   It protects you from fire.
   It insulates you from electricity.
   It has a curse placed upon it.
 Y - an uncursed ring of positive energy
Wands
 g - a wand of paralysis (12)
 m - a wand of clouds (10)
 u - a wand of enslavement (6)
 w - a wand of digging (5)
 x - a wand of disintegration (24)
 C - a wand of polymorph (42)
 M - a wand of acid (39)
 U - a wand of iceblast (23)
Scrolls
 e - 14 scrolls of magic mapping
 f - 28 scrolls of teleportation {@r1}
 h - 38 scrolls of identify {@r3}
 o - 9 scrolls of fear
 v - a scroll of summoning
 F - 3 scrolls of holy word
 H - 3 scrolls of blinking {@r2}
 I - 5 scrolls of silence
 K - 9 scrolls of fog
 W - 8 scrolls of remove curse {@r4}
Potions
 d - 7 potions of brilliance
 j - 3 potions of haste {@q4}
 p - 10 potions of heal wounds {@q1}
 q - 2 potions of resistance
 r - 3 potions of cancellation
 s - 6 potions of flight
 z - 13 potions of curing {@q2}
 B - 2 potions of magic
 E - 2 potions of mutation
 G - 5 potions of might
 Q - 7 potions of stabbing
 T - a potion of invisibility
Books
 P - a manual of Ice Magic
Miscellaneous
 k - 5 boxes of beasts
 J - a lightning rod (4/4)
 R - 6 phantom mirrors
 X - a tin of tremorstones (3/3)
 Z - a phial of floods
Comestibles
 c - 55 rations

####.....................#
#.......###############..#
##.####..#.........(...#..#
.#.# #..#.............#..#
...# #..#.............#..#
#### ##.#######'#######(.# #
#.#.............#..####### #
#.'⌠....###....⌠+........# #
#.#......@......#..##.####
########.#..⌠...>...⌠..#.....#
##.....#.###'#######'###...###
##.###.....................#
##.#
##......÷.............#####
##.#
#############............#
##.# #...####)###.# ##.# #...#
#.....# ##.##### #..##
##.##..#


There were no monsters in sight!

Vanquished Creatures
  A pandemonium lord (Zig:2)
  7 orbs of fire
  Mara (Crypt:2)
  Mennas (Crypt:2)
  8 ancient liches
  4 juggernauts
  9 Killer Klowns (Zot:5)
  8 caustic shrikes
  13 golden dragons
  Jory (Crypt:2)
  The ghost of Cunubiurch the Eclecticist, a veteran VSSu of Ashenzari (Crypt:1)
  A Brimstone Fiend (Zot:1)
  2 bone dragons
  6 electric golems
  A Tzitzimitl (Zot:5)
  30 tentacled monstrosities
  7 liches
  A Hell Sentinel (D:3)
  25 Orb Guardians (Zot:5)
  2 deep elf blademasters (Elf:3)
  7 titans
  2 deep elf master archers (Elf:3)
  2 ancient champions (Crypt:2)
  Frances (D:14)
  8 quicksilver dragons
  8 sphinxes
  Polyphemus (Shoals:2)
  14 death cobs
  The ghost of sanka the Gelid, an adept BaIE of Vehumet (Elf:1)
  19 storm dragons
  4 draconian monks
  12 shadow dragons
  2 azure jellies (Zig:3)
  10 tengu reavers
  2 revenants
  14 fire giants
  11 nagarajas
  9 draconian knights
  6 deep elf sorcerers
  11 frost giants
  An iron dragon (shapeshifter) (Depths:2)
  Aizul (Snake:2)
  16 vault wardens
  2 iron dragons
  5 ghost moths
  2 curse skulls
  5 draconian annihilators
  7 draconian scorchers
  8 draconian stormcallers
  Louise (Shoals:2)
  14 very ugly things
  4 deep elf elementalists
  6 draconian shifters
  2 ghouls
  23 ironheart preservers
  33 stone giants
  8 war gargoyles
  3 spriggan defenders
  2 reapers
  5 entropy weavers
  14 green draconians
  6 black draconians
  8 vampire knights
  Nessos (Lair:4)
  12 white draconians
  14 deep elf demonologists
  9 deep elf annihilators
  12 yellow draconians
  24 purple draconians
  16 red draconians
  Snorg (D:14)
  13 spark wasps
  9 statues (WizLab)
  An eidolon (Crypt:2)
  23 ettins
  A fire dragon (shapeshifter) (Vaults:1)
  11 deep elf death magi
  9 jiangshi
  8 merfolk impalers
  3 crystal guardians (Crypt:3)
  2 mummy priests (Zig:7)
  7 great orbs of eyes
  3 deep elf high priests
  2 merfolk javelineers
  Erolcha (Orc:1)
  11 fire dragons
  Fannar (Lair:1)
  15 yaktaur captains
  44 vault guards
  6 rakshasas
  18 ice dragons
  A quicksilver dragon skeleton (Crypt:3)
  18 anacondas
  16 naga warriors
  Harold (D:7)
  17 ogre magi
  5 spriggan air magi
  10 centaur warriors
  6 death knights
  6 hydras
  2 alligator snapping turtles (Shoals:4)
  4 catoblepae
  A merfolk avatar (Shoals:2)
  35 dancing weapons
  2 tengu warriors
  4 merfolk aquamancers
  The ghost of sobakacece the Blocker, a novice MiBe of Trog (D:9)
  6 satyrs
  A queen ant (Lair:6)
  A titan zombie (Crypt:2)
  4 deep troll shamans
  9 deep troll earth magi
  41 two-headed ogres
  13 shock serpents
  12 death yaks
  9 naga sharpshooters
  Urug (Orc:2)
  A soul eater (Crypt:2)
  24 deep elf knights
  9 vampire magi
  7 hell knights
  10 spriggan berserkers
  10 spriggans
  A shock serpent (shapeshifter) (Vaults:5)
  22 skeletal warriors
  A sun demon (Depths:4)
  A titan skeleton (D:15)
  2 fire crabs (shapeshifter)
  2 shadow wraiths (Crypt:2)
  A sixfirhy (Depths:3)
  A spark wasp zombie (D:15)
  2 iron trolls (Depths:4)
  A salamander mystic (Snake:1)
  2 unseen horrors
  8 flayed ghosts
  3 death drakes (shapeshifter)
  8 wizards
  2 orange crystal statues (Zig:7)
  2 infernal demonspawn
  A deep troll (shapeshifter) (Depths:2)
  12 naga ritualists
  21 deep trolls
  2 golden dragon zombies
  A shadow dragon zombie (Crypt:2)
  13 sea snakes
  2 golden dragon skeletons
  2 glowing orange brains
  12 ironbrand convokers
  30 deep elf archers
  10 mana vipers
  25 harpies
  16 necromancers
  9 phantasmal warriors
  A harpy (shapeshifter) (Depths:5)
  12 orc knights
  32 ugly things
  An orb spider (shapeshifter) (Depths:2)
  91 deep elf magi
  7 wolf spiders
  An orb spider (Zig:6)
  A frost giant zombie (Zig:7)
  2 orc sorcerers
  7 cyclopes
  23 moths of wrath
  21 fauns
  10 salamanders
  An iron dragon skeleton (Crypt:3)
  24 manticores
  5 centaur zombies
  A frost giant skeleton (Vaults:1)
  A shock serpent zombie (Crypt:1)
  38 black mambas
  8 elephants
  A stone giant skeleton (Crypt:2)
  2 ice statues (Zig:7)
  13 merfolk sirens
  An elephant (shapeshifter) (Vaults:5)
  A fire giant skeleton (Crypt:3)
  18 naga magi
  17 vault sentinels
  18 guardian serpents
  An orange demon (Depths:4)
  4 centaur skeletons
  A dire elephant skeleton (Crypt:3)
  5 water nymphs
  Maggie (Lair:2)
  An emperor scorpion zombie (Crypt:1)
  7 spiny frogs
  2 spriggan skeletons
  A yaktaur zombie (Vaults:4)
  An elephant slug zombie (Crypt:1)
  5 rime drakes
  A swamp worm zombie (Crypt:1)
  2 komodo dragons (shapeshifter) (Depths:2)
  A yaktaur (shapeshifter) (Vaults:1)
  A human zombie (Vaults:1)
  2 efreet
  A demonic crawler (Zig:6)
  57 yaktaurs
  An ice devil (Depths:4)
  10 freezing wraiths
  A spark wasp simulacrum (Zig:7)
  2 red devils (Depths:3)
  A tormentor (Depths:4)
  6 komodo dragons
  A guardian mummy (Zig:7)
  30 merfolk
  A death drake zombie (Crypt:2)
  A merfolk (shapeshifter) (Depths:3)
  A tengu conjurer (Depths:4)
  A queen bee (Depths:2)
  A tyrant leech (shapeshifter) (Vaults:4)
  5 trolls
  2 meliai (shapeshifter)
  3 jumping spiders (shapeshifter)
  A polar bear (Lair:4)
  A hornet (shapeshifter) (Vaults:1)
  A polar bear (shapeshifter) (Depths:5)
  Prince Ribbit (D:7)
  18 hornets
  A wind drake (shapeshifter) (D:14)
  3 wind drakes
  2 blink frogs (shapeshifter)
  20 slime creatures
  5 jumping spiders
  A raiju (shapeshifter) (Vaults:4)
  A harpy skeleton (Crypt:1)
  2 trolls (shapeshifter)
  13 blink frogs
  11 hippogriffs
  An ettin zombie (Vaults:4)
  2 dream sheep (Shoals:3)
  A human simulacrum (Vaults:4)
  2 ice dragon zombies (Crypt:3)
  A hydra skeleton (Crypt:3)
  An alligator zombie (Crypt:1)
  A snapping turtle (shapeshifter) (Depths:5)
  7 air elementals
  7 snapping turtles
  2 fire dragon zombies
  32 flying skulls
  57 yaks
  An ice dragon skeleton (Crypt:3)
  A tarantella (shapeshifter) (Depths:1)
  3 vampires (D:11)
  7 wraiths
  A ynoxinul (Zig:2)
  An ettin skeleton (Crypt:2)
  3 shadows
  17 water elementals
  A tyrant leech zombie (Crypt:2)
  3 redbacks
  2 wyverns
  A spriggan simulacrum (Depths:3)
  4 basilisks
  A basilisk (shapeshifter) (Vaults:1)
  22 fire elementals
  A golden eye (shapeshifter) (Vaults:4)
  3 ushabtiu (Zig:7)
  19 humans (D:14)
  3 hungry ghosts
  2 steam dragons
  Grum (Lair:1)
  A human (shapeshifter) (Depths:4)
  3 vampire mosquitoes (D:12)
  A two-headed ogre zombie (D:12)
  52 nagas
  A chaos spawn (Depths:3)
  A naga (shapeshifter) (Depths:3)
  4 wargs
  25 soldier ants
  2 acid dragons
  15 water moccasins
  A floating eye (shapeshifter) (D:14)
  A floating eye (Depths:4)
  5 porcupines
  Duvessa (D:5)
  A sky beast (shapeshifter) (Vaults:1)
  49 orc warriors
  An ice beast (Vaults:2)
  4 sky beasts
  A black bear (D:11)
  4 phantoms
  3 necrophages
  The ghost of sobakacece the Shield-Bearer, an amateur MiFi (D:3)
  A blink frog zombie (Crypt:2)
  2 eyes of draining (Zig:3)
  47 ogres
  23 centaurs
  6 wolves
  7 boggarts
  A swamp dragon skeleton (Crypt:3)
  A wolf (shapeshifter) (Vaults:1)
  9 crocodiles
  15 bullfrogs
  Blork the orc (D:4)
  2 wyvern zombies
  2 glowing shapeshifter simulacra
  3 wyvern skeletons
  4 earth elementals
  Dowan (D:5)
  A troll zombie (D:12)
  A yak zombie (Crypt:1)
  33 killer bees
  2 scorpions
  A raiju zombie (Crypt:1)
  3 small abominations
  2 electric eels (Lair:1)
  A raiju skeleton (Crypt:2)
  A snapping turtle simulacrum (Crypt:2)
  7 wights
  6 howler monkeys
  A wolf zombie (Crypt:1)
  5 crimson imps
  A bullfrog zombie (D:5)
  A yaktaur simulacrum (Vaults:1)
  An iron imp (Depths:3)
  6 jellies
  19 orc priests
  10 hounds
  2 bullfrog skeletons
  22 orc wizards
  2 human skeletons
  2 iguanas
  8 hell rats (Lair:3)
  27 worker ants
  A killer bee zombie (Crypt:2)
  7 ogre zombies
  A hound zombie (D:6)
  A hound skeleton (D:8)
  2 mummies (Zig:7)
  A worker ant zombie (D:5)
  Robin (D:2)
  2 howler monkey skeletons
  14 adders
  5 gnolls (D:5)
  13 river rats (Lair:3)
  7 shadow imps
  2 white imps (Depths:3)
  An ufetubus (Depths:3)
  4 oozes
  A halfling zombie (Crypt:2)
  4 worms
  A dart slug (D:1)
  2 leopard geckos
  77 orcs
  3 ball pythons
  12 bats
  8 giant cockroaches
  17 goblins
  7 hobgoblins
  19 jackals
  7 kobolds
  8 quokkas
  4 frilled lizards
  A goblin skeleton (D:12)
  3 goblin zombies (D:12)
  A hobgoblin zombie (D:12)
  A jackal zombie (D:8)
  A leopard gecko skeleton (D:4)
  3 orc skeletons (D:12)
  17 orc zombies (D:12)
  A quokka skeleton (D:5)
  21 rats
  27 blocks of ice
  A crawling corpse (Elf:3)
  2 fungi
  21 plants
2838 creatures vanquished.

Vanquished Creatures (collateral kills)
  A tentacled monstrosity (Depths:5)
  A yaktaur captain (Depths:5)
  A skeletal warrior (Crypt:3)
  A blink frog (Lair:3)
  A wight (Crypt:1)
  A mummy (Zig:7)
  A jackal (D:7)
  A rat (D:1)
  4 blocks of ice
12 creatures vanquished.

Vanquished Creatures (others)
  2 deep elf magi
  A yaktaur (D:14)
  713 blocks of ice
  132 fire vortices
  2054 foxfires
  12 fungi (Lair:6)
  41 plants
  A withered plant (D:15)
2956 creatures vanquished.

Grand Total: 5806 creatures vanquished

Levels and vault maps discovered:
D:1:      dpeg_arrival_caged_fury, layout_basic, hangedman_decor_peaks_small,
          minmay_pentomino_v4
D:2:      layout_loops_cross, first_ration, uniq_robin
D:3:      layout_basic, gammafunk_ghost_abyssal_escape
D:4:      layout_layer_cave, cheibriados_altar_1, zin_angel,
          minmay_temple_entry_glass, uniq_blork_the_orc
D:5:      layout_loops_corners, bloody_trog, old_standard_altar,
          nicolae_overflow_hidden_temple, tgw_xom, uniq_duvessa
D:6:      layout_rooms, kennysheep_another_room
D:7:      layout_gridville, uniq_prince_ribbit1, uniq_harold
D:8:      layout_gridville, lair_entry_dummy, grunt_pizzeria,
          vehumet_altar_wand_db
D:9:      layout_roguey, chequers_temple_overflow_minitemple,
          ebering_ghost_gozag, nicolae_ru_the_path_less_chosen
D:10:     layout_long_grid
D:11:     layout_cave_pools, portal_ice_cave_rime, serial_shops,
          nicolae_shop_stone, hangedman_batty
D:12:     layout_basic, zombieorc2_lemuel
D:13:     layout_basic
D:14:     minmay_the_grid_octo_2x2 [minmay_the_grid_octo_thin_diamonds,
          minmay_the_grid_octo_checkerflower, minmay_the_grid_octo_empty,
          minmay_the_grid_octo_prize_star], layout_gridville,
          grunt_vaults_entry_tiered, lemuel_crystal_altar,
          ebering_dispersal_statue_hall, fungi_pond_lemuel, uniq_frances,
          uniq_snorg
D:15:     gammafunk_depths_entry_grave, layout_rooms, basic_altar,
          minmay_misc_feat_four_crosses, nemelex_altar_shiori
Temple:   nicolae_temple_figure_eight
Lair:1:   layout_gridlike, enter_volcano_2, grunt_megastairs_1,
          lemuel_fruit_tree, uniq_fannar, uniq_grum
Lair:2:   layout_gridlike, basic_altar, uniq_maggie
Lair:3:   lemuel_ratsnest, layout_loops_ring
Lair:4:   layout_cave_pods, elwin_shoals_entry_rocks,
          guppyfry_snake_entry_island, grunt_megastairs_3, uniq_nessos
Lair:5:   layout_long_grid
Lair:6:   evilmike_catoblepas_cave, layout_gridlike, slime_altar_2,
          minivault_29, serial_bayou_shore_b
Shoals:1: layout_shoals
Shoals:2: layout_shoals, uniq_louise, uniq_polyphemus
Shoals:3: gammafunk_the_bubble [the_bubble_gammafunk_split], layout_shoals
Shoals:4: shoals_end_grunt_garden, layout_shoals
Snake:1:  layout_misc_corridors, grunt_ministairs_14, st_stairs_3
Snake:2:  layout_gridlike, serial_shops, bzr_entry_gold, uniq_aizul
Snake:3:  layout_honeycomb, serial_shops, nicolae_shop_statue_plus
Snake:4:  grunt_snake_rune_serpentine_throne, layout_misc_corridors,
          serial_bayou_pond_e
Orc:1:    layout_caves, basic_altar, bloody_makhleb, uniq_erolcha
Orc:2:    st_orc_rangers, layout_caves, serial_shops, shop, uniq_urug
Elf:1:    layout_gridlike, gammafunk_ghost_arena, minmay_elf_sorcery
Elf:2:    layout_onion_city, item_on_display_a
Elf:3:    elf_hall_gauntlet_narrow, layout_geoelf_octagon, serial_shops,
          shop_statue, nrook_mini_backslash
Vaults:1: v_misc_12, grunt_vaults_trifunnel, v_misc_30, vaults_room_fancy_cross,
          hangedman_vaults_pinch, vaults_room_guarded_vault,
          nicolae_vaults_angled_halls, nicolae_vaults_what_the_h,
          vaults_dpeg_hooks, layout_vaults_omnigrid,
          portal_desolation_entry_ruin
Vaults:2: hangedman_vaults_hard_town_square, v_misc_24,
          nicolae_vaults_ring_of_whatevers, v_pattern_4, vaults_room_pool,
          hangedman_vaults_slice, nicolae_vaults_diagonal_hallway_9,
          serial_ice_b, vaults_room_door_ring, hangedman_vaults_restitches,
          layout_vaults_big_room, infiniplex_enter_wizlab_water, serial_shops,
          shop_fountains
Vaults:3: nicolae_vaults_inception_scallops, blue_anna_dwarven_crypt,
          grunt_vaults_bifocal, vaults_mumra_hex,
          nicolae_vaults_network_quinsquares
          [nicolae_vaults_network_quincunx_subvault,
          nicolae_vaults_network_quincunx_subvault,
          nicolae_vaults_network_quincunx_subvault,
          nicolae_vaults_network_quincunx_subvault],
          nicolae_vaults_windows_and_doors_thing, v_pattern_2,
          nicolae_vaults_network_star, grunt_vaults_hallway_long,
          ontoclasm_vaults_misaligned, hangedman_vaults_nails,
          vaults_room_semicircle, ontoclasm_vaults_twist, layout_vaults_ring
Vaults:4: st_greater_box_1, v_misc_33, vaults_room_boxed,
          nicolae_vaults_little_squares_5, v_misc_19, ontoclasm_vaults_eye,
          vaults_room_corners, ontoclasm_vaults_chip,
          nicolae_vaults_little_squares_6, vaults_room_grunt_arrival_ludios,
          nicolae_vaults_gold_heap, layout_vaults_omnibox, serial_shops,
          nicolae_shop_trees
Vaults:5: serial_shops
Crypt:1:  layout_gridlike, ebering_ghost_reflecting_pool, st_stairs_9,
          uniq_margery
Crypt:2:  layout_chaotic_city, lemuel_elevator, uniq_mennas, uniq_mara,
          uniq_jory
Crypt:3:  cryptofortress_bobbens
Depths:1: layout_cave_shapes, enter_ziggurat_e, abyss_entry_crystal,
          pf_coc_iceberg, minmay_strange_pillars, lemuel_flamethrower_2,
          firewood_loft
Depths:2: box_level_dp, abyss_entry, serial_shops, hell_entry
Depths:3: minmay_bloctagon, layout_twisted_cross, grunt_pan_entry_sceptre,
          serial_shops, bzr_in_the_mist, hell_entry, serial_bayou_ford_a
Depths:4: hangedman_box_tower, layout_gridville, hell_entry,
          serial_sigils_hangedman_confine, abyss_entry_small_statue_room,
          rand_demon_pan_entry_3
Depths:5: grunt_crosshair, layout_cave_pools, pan_entry, hell_entry,
          abyss_entry, glass_columns_a
Zot:1:    lemuel_firehouse, layout_cathedral_of_symmetry
Zot:2:    kennysheep_room_grid, layout_basic
Zot:3:    minmay_elemental_castle, layout_onion_interference
Zot:4:    grunt_deathspiral_small, layout_concentric_octagons,
          gammafunk_ghost_berserking_beasts
Zot:5:    layout_twisted_circle, nicolae_lava_and_water, grunt_ministairs_6,
          bh_zot_levy_curve, bh_zot_lava_cross


Message History

Confirm with . or Enter, or press ? or * to list all spells.
You chill the Hell Sentinel to absolute zero!
The Hell Sentinel is frozen into a solid block of ice!
You kill the Hell Sentinel!
(D) Dungeon (T) Temple (L) Lair (A) Shoals (P) Snake Pit (M) Slime Pits (O) Orcish Mines (E) Elven Halls (V) Vaults (C) Crypt (W) Tomb (U) Depths (H) Hell (Z) Zot
Where to? (Enter - D:1 @ (x,y), ? - help)
There is an open door here.
There is a stone staircase leading up here.
You climb upwards.
There is a stone staircase leading down here.
There is an escape hatch in the floor here.
There is a stone staircase leading up here.
You climb upwards.
There is a stone staircase leading down here.
You see here a potion of degeneration.
There is a staircase leading out of the dungeon here.
You have escaped!

Notes
Turn   | Place    | Note
-------+----------+-------------------------------------------
     0 | D:1      | bmfx the Spriggan Fire Elementalist began the quest for the
                  | Orb.
     0 | D:1      | Reached XP level 1. HP: 9/9 MP: 5/5
     1 | D:1      | Found a runed translucent door.
   367 | D:1      | Reached skill level 3 in Spellcasting
   367 | D:1      | Reached skill level 1 in Conjurations
   385 | D:1      | Reached XP level 2. HP: 13/13 MP: 2/7
  1054 | D:1      | Reached XP level 3. HP: 16/16 MP: 5/8
  1289 | D:1      | Reached XP level 4. HP: 21/21 MP: 1/10
  1376 | D:1      | Learned a level 4 spell: Sticky Flame
  1906 | D:2      | Noticed Robin
  1925 | D:2      | Reached skill level 4 in Spellcasting
  1947 | D:2      | Killed Robin
  2915 | D:3      | Reached XP level 5. HP: 24/24 MP: 7/12
  3116 | D:3      | Reached skill level 1 in Slings
  3361 | D:3      | Found a transporter.
  3375 | D:3      | Found a transporter.
  3444 | D:3      | Found a one-way gate to the infinite horrors of the Abyss.
  3444 | D:3      | Noticed sobakacece's ghost (amateur MiFi)
  3651 | D:3      | Reached skill level 1 in Evocations
  3896 | D:4      | Noticed Blork the orc
  3950 | D:4      | Killed Blork the orc
  3950 | D:4      | Reached XP level 6. HP: 28/28 MP: 5/13
  4016 | D:4      | Found a staircase to the Ecumenical Temple.
  4026 | Temple   | Entered the Ecumenical Temple
  4203 | Temple   | Became a worshipper of Ashenzari the Shackled
  4306 | D:4      | Reached skill level 5 in Evocations
  4520 | D:4      | Found a snail-covered altar of Cheibriados.
  4998 | D:4      | Reached skill level 5 in Spellcasting
  4998 | D:4      | Reached XP level 7. HP: 32/32 MP: 8/15
  5366 | D:4      | Found a glowing silver altar of Zin.
  5367 | D:4      | Noticed an angel
  5425 | D:5      | Entered Level 5 of the Dungeon
  5770 | D:5      | Found an opulent altar of Gozag.
  5865 | D:5      | Found an ornate altar of the Wu Jian Council.
  6000 | D:5      | Noticed Dowan
  6408 | D:5      | Found a bloodstained altar of Trog.
  6892 | D:6      | Reached * piety under Ashenzari
  7459 | D:5      | Noticed Duvessa
  7696 | D:6      | Reached skill level 1 in Fighting
  7696 | D:6      | Reached XP level 8. HP: 37/37 MP: 14/17
  7841 | D:6      | Reached skill level 5 in Fire Magic
  8930 | D:5      | Found a shimmering altar of Xom.
  9011 | D:7      | Noticed Harold
  9034 | D:6      | Learned a level 5 spell: Fireball
  9427 | D:7      | Noticed Prince Ribbit
 10005 | D:7      | Killed Harold
 10005 | D:7      | Reached skill level 5 in Conjurations
 10005 | D:7      | Reached XP level 9. HP: 34/45 MP: 1/18
 10356 | D:7      | Killed Prince Ribbit
 10553 | D:8      | Reached skill level 6 in Spellcasting
 11298 | D:8      | Reached ** piety under Ashenzari
 11474 | D:8      | Reached skill level 5 in Dodging
 11531 | D:8      | Found a radiant altar of Vehumet.
 11538 | D:8      | Found a staircase to the Lair.
 12060 | D:9      | Reached XP level 10. HP: 51/51 MP: 17/21
 12191 | D:9      | Reached skill level 7 in Spellcasting
 12223 | D:9      | Found a runed translucent gate.
 12223 | D:9      | Found a runed translucent gate.
 12224 | D:9      | Found a runed translucent gate.
 12224 | D:9      | Found an opulent altar of Gozag.
 12231 | D:9      | Noticed a centaur warrior
 12233 | D:9      | Noticed sobakacece's ghost (novice MiBe)
 12290 | D:9      | Found Putaim's Assorted Antiques.
 12493 | D:9      | Found a sacrificial altar of Ru.
 13051 | D:9      | Found a sacrificial altar of Ru.
 13051 | D:9      | Found a white marble altar of Elyvilon.
 13100 | D:9      | Found a basalt altar of Yredelemnul.
 13102 | D:9      | Found a hazy altar of Hepliaklqana.
 13103 | D:9      | Found a faded altar of an unknown god.
 13245 | D:10     | Entered Level 10 of the Dungeon
 13559 | D:10     | Noticed a two-headed ogre
 13567 | D:10     | Killed a two-headed ogre
 13567 | D:10     | Reached skill level 8 in Spellcasting
 14079 | D:11     | Noticed a cyclops
 14370 | D:11     | Killed a cyclops
 14551 | D:11     | Found Vuaxog's Antique Armour Emporium.
 14558 | D:11     | Bought a cloak for 135 gold pieces
 14978 | D:11     | Reached *** piety under Ashenzari
 15091 | D:11     | Noticed an unseen horror
 15102 | D:11     | Killed an unseen horror
 15102 | D:11     | Reached XP level 11. HP: 48/54 MP: 11/24
 15172 | D:11     | Noticed a phantasmal warrior
 15531 | Lair:1   | Entered Level 1 of the Lair of Beasts
 15553 | Lair:1   | Noticed Grum
 15795 | Lair:1   | Killed Grum
 15800 | Lair:1   | Reached skill level 9 in Spellcasting
 16347 | Lair:1   | Noticed Fannar
 16724 | Lair:2   | Reached skill level 10 in Spellcasting
 17244 | Lair:2   | Reached skill level 11 in Spellcasting
 17408 | Lair:2   | Noticed a five-headed hydra
 17443 | Lair:2   | Found a shimmering altar of Xom.
 17659 | Lair:2   | Noticed Maggie
 17886 | Lair:3   | Reached skill level 12 in Spellcasting
 18799 | Lair:3   | Reached skill level 13 in Spellcasting
 18867 | Lair:3   | Reached XP level 12. HP: 58/58 MP: 18/30
 19312 | Lair:3   | Reached **** piety under Ashenzari
 19906 | Lair:4   | Noticed a death yak
 19906 | Lair:4   | Noticed a death yak
 19906 | Lair:4   | Noticed a death yak
 19906 | Lair:4   | Noticed a death yak
 20146 | Lair:4   | Reached skill level 14 in Spellcasting
 20395 | Lair:4   | Found a staircase to the Shoals.
 20451 | Lair:4   | Noticed Nessos
 20650 | Lair:4   | Found a staircase to the Snake Pit.
 21071 | Lair:5   | Noticed an eight-headed hydra
 21075 | Lair:5   | Killed an eight-headed hydra
 21144 | Lair:5   | Reached skill level 15 in Spellcasting
 21394 | Lair:5   | Noticed an eight-headed hydra
 21424 | Lair:5   | Killed an eight-headed hydra
 21574 | Lair:5   | Reached ***** piety under Ashenzari
 22153 | Lair:6   | Entered Level 6 of the Lair of Beasts
 22169 | Lair:6   | Noticed a six-headed hydra
 22336 | Lair:6   | Killed a six-headed hydra
 22390 | Lair:5   | Reached skill level 10 in Dodging
 22434 | Lair:6   | Noticed a seven-headed hydra
 22434 | Lair:6   | Noticed a seven-headed hydra
 22456 | Lair:6   | Killed a seven-headed hydra
 22491 | Lair:6   | Killed a seven-headed hydra
 22491 | Lair:6   | Reached skill level 16 in Spellcasting
 22495 | Lair:6   | Noticed an entropy weaver
 22507 | Lair:6   | Noticed an entropy weaver
 22845 | D:3      | Killed sobakacece's ghost
 23156 | D:5      | Killed Dowan
 23157 | D:5      | Killed Duvessa
 23157 | D:5      | Reached XP level 13. HP: 63/63 MP: 18/34
 23686 | D:12     | Found a staircase to the Orcish Mines.
 25634 | D:13     | Reached skill level 17 in Spellcasting
 26138 | D:14     | Noticed Frances
 26254 | D:14     | Noticed Snorg
 26356 | D:14     | Found a bloodstained altar of Trog.
 26364 | D:14     | Reached skill level 1 in Shields
 27517 | D:15     | Entered Level 15 of the Dungeon
 27635 | D:15     | Found a stormy altar of Qazlal.
 27683 | D:15     | Reached skill level 18 in Spellcasting
 28065 | Lair:1   | Killed Fannar
 28065 | Lair:1   | Reached skill level 5 in Fighting
 28683 | Lair:2   | Killed Maggie
 28993 | Lair:4   | Reached XP level 14. HP: 70/70 MP: 3/37
 29570 | Lair:5   | Killed an entropy weaver
 30806 | Lair:6   | Killed an entropy weaver
 31284 | Lair:6   | Found a runed translucent door.
 31285 | Lair:6   | Found a viscous altar of Jiyva.
 31287 | Lair:6   | Found a staircase to the Slime Pits.
 32068 | Lair:6   | Reached skill level 15 in Dodging
 33036 | Orc:1    | Entered Level 1 of the Orcish Mines
 33417 | Orc:1    | Noticed Erolcha
 33428 | Orc:1    | Killed Erolcha
 33550 | Orc:1    | Found a roughly hewn altar of Beogh.
 33662 | Orc:2    | Entered Level 2 of the Orcish Mines
 34547 | Orc:2    | Found Douskuon's Assorted Antiques.
 34849 | Orc:2    | Noticed Urug
 34859 | Orc:2    | Killed Urug
 34995 | Orc:2    | Bought a transparent scimitar for 234 gold pieces
 35049 | Orc:2    | Found a staircase to the Elven Halls.
 35353 | Orc:2    | Reached XP level 15. HP: 77/77 MP: 13/38
 35490 | Orc:2    | Identified the cursed +1 scimitar of Understanding {venom,
                  | *Slow +Blink rElec Int+9} (You bought it in a shop on level
                  | 2 of the Orcish Mines)
 35880 | Orc:2    | Found Ysuil's Magic Scroll Emporium.
 35880 | Orc:2    | Found Enujoq's Distillery.
 35882 | Orc:2    | Found Aveock's Book Shop.
 35884 | Orc:2    | Found Muiheocw's Antique Weapon Shoppe.
 35896 | Orc:2    | Bought a glowing quick blade for 414 gold pieces
 35898 | Orc:2    | Bought a scroll of brand weapon for 300 gold pieces
 35901 | Orc:2    | Bought a potion of haste for 170 gold pieces
 35901 | Orc:2    | Bought a potion of cancellation for 136 gold pieces
 35901 | Orc:2    | Bought a potion of invisibility for 136 gold pieces
 36167 | Orc:1    | Found a burning altar of Makhleb.
 36703 | D:14     | Killed Snorg
 36703 | D:14     | Reached skill level 10 in Fire Magic
 36928 | D:14     | Identified the +3 leather armour of the Apprentice {rN+
                  | Int+4}
 36937 | D:14     | Identified the Guide on Battle Magic and Feathers
 37520 | D:14     | Identified the +7 hand axe of the Moth {antimagic, rElec
                  | MR- Int+3 Dex+2}
 37981 | D:14     | Found a gate to the Vaults.
 38246 | Lair:4   | Killed Nessos
 38435 | Lair:4   | Learned a level 7 spell: Orb of Destruction
 38453 | Shoals:1 | Entered Level 1 of the Shoals
 39012 | Shoals:1 | Reached ****** piety under Ashenzari
 39666 | Shoals:1 | Identified the cursed +1 scale mail of Gogoum {Str+2 Int-5
                  | Dex+3}
 41375 | Shoals:2 | Noticed Louise
 41391 | Shoals:2 | Killed Louise
 41735 | Shoals:2 | Noticed Polyphemus
 41764 | Shoals:2 | Reached XP level 16. HP: 76/84 MP: 3/39
 42296 | Shoals:2 | Killed Polyphemus
 42424 | Shoals:3 | Found the +18 shield of the Gong {rElec rN+ MR+ EV-5}
 42432 | Shoals:3 | Reached skill level 19 in Spellcasting
 42865 | Shoals:3 | Identified the ring "Teoxye" {rC+ rN+ MP+9 Str+4}
 42972 | Shoals:3 | Found a transporter.
 43793 | Shoals:3 | Found a transporter.
 44149 | Shoals:4 | Entered Level 4 of the Shoals
 44661 | Shoals:4 | Reached skill level 10 in Fighting
 45142 | Shoals:4 | Found the +8 mithril axe "Arga" {speed, MR+}
 46070 | Shoals:4 | Got a barnacled rune of Zot
 46123 | Shoals:4 | Reached skill level 20 in Spellcasting
 46317 | Shoals:4 | Reached skill level 10 in Conjurations
 46420 | Shoals:4 | Identified the cursed +0 rapier of Ythah {elec, rElec
                  | Dex+4}
 46964 | Elf:1    | Entered Level 1 of the Elven Halls
 47392 | Elf:1    | Reached XP level 17. HP: 89/89 MP: 26/42
 47628 | Elf:1    | Identified a scroll of acquirement
 47630 | Elf:1    | Got the cursed ring "Forget-Me-Not" {rElec rF+}
 47854 | Elf:1    | Found a transporter.
 47934 | Elf:1    | Found a transporter.
 47934 | Elf:1    | Noticed sanka's ghost (adept BaIE)
 47935 | Elf:1    | Identified the -3 hat of Failure {rC+}
 48500 | Elf:1    | Identified Asmodeus's Disquisition on Confrontation and
                  | Calling
 48541 | Elf:1    | Learned a level 6 spell: Starburst
 48971 | Elf:2    | Identified the cursed +2 quarterstaff "Geitet" {vorpal,
                  | rElec rPois Str-3}
 50238 | Elf:2    | Reached skill level 21 in Spellcasting
 50579 | Elf:2    | Found a runed translucent gate.
 50579 | Elf:2    | Found a runed translucent gate.
 50580 | Elf:2    | Found a runed translucent gate.
 51607 | Elf:2    | Reached skill level 22 in Spellcasting
 51840 | Elf:3    | Entered Level 3 of the Elven Halls
 52052 | Elf:3    | Reached XP level 18. HP: 88/93 MP: 41/45
 52143 | Elf:3    | Found Axogineh's Magic Scroll Emporium.
 52285 | Elf:3    | Bought a scroll of fear for 52 gold pieces
 53298 | Elf:3    | Reached skill level 23 in Spellcasting
 54214 | Elf:3    | Identified the +7 falchion of Erotofol {flame, rPois Str-3
                  | SInv Stlth-}
 54214 | Elf:3    | Identified the +1 robe of Teoduy {*Slow rC- rN+++ Int+9}
 54462 | Elf:3    | Reached skill level 24 in Spellcasting
 54608 | Elf:3    | Identified the amulet "Isuenowk" {rF+ rC+ Regen+ SInv}
 55313 | Orc:2    | Bought a book of Annihilations for 1435 gold pieces
 55323 | Orc:2    | Learned a level 9 spell: Absolute Zero
 55462 | D:14     | Killed Frances
 55462 | D:14     | Reached skill level 1 in Ice Magic
 55615 | D:9      | Killed sobakacece's ghost
 55847 | Snake:1  | Entered Level 1 of the Snake Pit
 56280 | Snake:1  | Learned a level 4 spell: Hailstorm
 56301 | Snake:1  | Learned a level 3 spell: Frozen Ramparts
 57061 | Snake:1  | Reached skill level 5 in Ice Magic
 57654 | Snake:1  | Reached XP level 19. HP: 99/99 MP: 41/48
 58057 | Snake:2  | Found a flickering gateway to a bazaar.
 58081 | Bazaar   | Entered a bazaar
 58081 | Bazaar   | Found Pumpuoxt's Distillery.
 58081 | Bazaar   | Found Urabeg's Distillery.
 58108 | Bazaar   | Found Nofegae's General Store.
 58144 | Bazaar   | Found Yhyomak's Gadget Boutique.
 58157 | Bazaar   | Found Yshroase's Armour Shop.
 58206 | Bazaar   | Bought 2 potions of heal wounds for 180 gold pieces
 58206 | Bazaar   | Bought a potion of haste for 180 gold pieces
 58220 | Bazaar   | Bought a potion of haste for 110 gold pieces
 58220 | Bazaar   | Bought a potion of heal wounds for 55 gold pieces
 58220 | Bazaar   | Bought a potion of curing for 33 gold pieces
 58997 | Snake:2  | Noticed Aizul
 60114 | Snake:3  | Found Feilog's Antique Weapon Boutique.
 61183 | Snake:4  | Entered Level 4 of the Snake Pit
 62169 | Snake:4  | Reached skill level 10 in Ice Magic
 65110 | Snake:4  | Reached XP level 20. HP: 103/103 MP: 37/49
 65505 | Snake:4  | Got a serpentine rune of Zot
 65987 | Snake:2  | Killed Aizul
 66666 | Vaults:1 | Entered Level 1 of the Vaults
 71355 | Vaults:1 | Upgraded the game from 0.26-a0-84-g8c18429211 to
                  | 0.26-a0-86-gd5eb6995ac
 71365 | Vaults:1 | Learned a level 9 spell: Fire Storm
 71627 | Vaults:2 | Found Tusogh's Weapon Boutique.
 71790 | Vaults:2 | Found a magical portal.
 73720 | WizLab   | Reached skill level 15 in Ice Magic
 73888 | WizLab   | Identified Iskenderun's Almanac of Combat Magic
 73888 | WizLab   | Identified Iskenderun's Tome of Attacks
 73980 | WizLab   | Identified the Compendium of Orientation and the Mountains
 73980 | WizLab   | Identified the Catalogue of Evil Rituals and Translocation
 74110 | WizLab   | Learned a level 1 spell: Apportation
 74113 | WizLab   | Learned a level 2 spell: Blink
 74263 | Vaults:2 | Reached skill level 1 in Translocations
 74479 | Vaults:2 | Reached XP level 21. HP: 107/107 MP: 24/50
 75207 | Vaults:2 | Found Guareo's Distillery.
 75209 | Vaults:2 | Found Git Ur Zose's Antique Weapon Emporium.
 75209 | Vaults:2 | Found Sozxuh's Armour Emporium.
 75226 | Vaults:2 | Bought a potion of heal wounds for 105 gold pieces
 76945 | Vaults:3 | Found a staircase to the Crypt.
 78682 | Vaults:3 | Identified the +7 tower shield of the Soldier {+Fly rC-
                  | Dex+5}
 79531 | Vaults:4 | Found Icouped's General Store.
 79538 | Vaults:4 | Bought a ration for 85 gold pieces
 79538 | Vaults:4 | Bought a ration for 85 gold pieces
 81003 | Vaults:4 | Reached XP level 22. HP: 106/112 MP: 29/51
 81612 | Vaults:4 | Identified the +8 battleaxe of Iseugeb {freeze, rPois MR-
                  | Int-2 Dex+7}
 81881 | Vaults:4 | Identified Sif Muna's Reference Book on Aerial
                  | Transmigration
 81928 | Vaults:4 | Identified the +10 scimitar of Defilement {freeze, rF+
                  | Str+4 Stlth-}
 83948 | D:15     | Found a staircase to the Depths.
 84559 | D:15     | Found a sparkling altar of Nemelex Xobeh.
 84639 | Depths:1 | Entered Level 1 of the Depths
 84680 | Depths:1 | Learned a level 2 spell: Passwall
 85207 | Depths:1 | Found a gateway to a ziggurat.
 85469 | Depths:1 | Found a gateway to Hell.
 87198 | Depths:2 | Identified the amulet "Vuegigok" {RegenMP rF+}
 87580 | Depths:2 | Found a runed translucent door.
 87587 | Depths:2 | Noticed a caustic shrike
 87642 | Depths:2 | Noticed a juggernaut
 87644 | Depths:2 | Killed a juggernaut
 87644 | Depths:2 | Reached XP level 23. HP: 110/116 MP: 21/52
 87949 | Depths:2 | Noticed a caustic shrike
 88368 | Depths:2 | Identified the +1 ring mail of Filth {*Contam Dex+7 Slay+3}
 88898 | Depths:2 | Killed a caustic shrike
 89274 | Depths:2 | Noticed a caustic shrike
 89275 | Depths:2 | Killed a caustic shrike
 89366 | Depths:2 | Identified the quicksilver dragon scales of Qazlal's
                  | Condemnation {Harm *Drain rPois rF+ MR+}
 89848 | Depths:2 | Identified the ring "Meileav" {rCorr Int+7 SInv}
 90401 | Depths:2 | Killed a caustic shrike
 90401 | Depths:2 | Reached skill level 15 in Fire Magic
 90720 | Depths:3 | Found a flickering gateway to a bazaar.
 90736 | Bazaar   | Entered a bazaar
 90741 | Bazaar   | Found Fesyurpho's Gadget Shop.
 90754 | Bazaar   | Found Ziungocs's Distillery.
 90801 | Bazaar   | Found Lodicvo's Magic Scroll Shop.
 90801 | Bazaar   | Found Hamic Baim's Antique Armour Boutique.
 90806 | Bazaar   | Bought a scroll of fog for 18 gold pieces
 90806 | Bazaar   | Bought a scroll of fog for 18 gold pieces
 90806 | Bazaar   | Bought a scroll of blinking for 67 gold pieces
 90806 | Bazaar   | Bought a scroll of teleportation for 27 gold pieces
 90806 | Bazaar   | Bought a scroll of enchant armour for 67 gold pieces
 90813 | Bazaar   | Bought a sheer robe for 119 gold pieces
 90813 | Bazaar   | Identified the +5 robe of the Unbroken {Harm SInv} (You
                  | bought it in a shop in a bazaar)
 90825 | Bazaar   | Bought a potion of haste for 170 gold pieces
 90825 | Bazaar   | Bought a potion of haste for 170 gold pieces
 90825 | Bazaar   | Bought a potion of heal wounds for 85 gold pieces
 90825 | Bazaar   | Bought a potion of experience for 850 gold pieces
 90825 | Bazaar   | Bought a potion of curing for 51 gold pieces
 90825 | Bazaar   | Bought a potion of invisibility for 136 gold pieces
 90825 | Bazaar   | Bought a potion of curing for 51 gold pieces
 90825 | Bazaar   | Bought a potion of curing for 51 gold pieces
 90825 | Bazaar   | Reached XP level 24. HP: 121/121 MP: 52/52
 92231 | Depths:3 | Reached skill level 15 in Conjurations
 92420 | Depths:3 | Found a one-way gate leading to the halls of Pandemonium.
 93618 | Depths:4 | Reached XP level 25. HP: 125/125 MP: 22/52
 93638 | Depths:4 | Noticed a juggernaut
 93640 | Depths:4 | Killed a juggernaut
 93700 | Depths:4 | Noticed a juggernaut
 93711 | Depths:4 | Killed a juggernaut
 94178 | Depths:4 | Noticed a juggernaut
 94184 | Depths:4 | Killed a juggernaut
 94184 | Depths:4 | Identified the cursed +0 robe "Dew Uhyf" {Harm Int+3}
 94721 | Depths:4 | Identified the cursed +0 plate armour "Ohocach" {rPois rN+
                  | Str+3 Slay+2}
 96820 | Depths:5 | Entered Level 5 of the Depths
 97245 | Crypt:1  | Entered Level 1 of the Crypt
 98443 | Crypt:1  | Found a runed translucent door.
 98687 | Crypt:1  | Noticed Cunubiurch's ghost (veteran VSSu)
 98692 | Crypt:1  | Killed Cunubiurch's ghost
 98882 | Crypt:2  | Noticed Mennas
 98889 | Crypt:2  | Killed Mennas
 99144 | Crypt:2  | Noticed Mara
 99255 | Crypt:2  | Killed Mara
 99494 | Crypt:2  | Reached XP level 26. HP: 133/133 MP: 25/52
 99806 | Crypt:2  | Noticed Jory
100646 | Crypt:2  | Killed Jory
100961 | Crypt:3  | Entered Level 3 of the Crypt
102550 | Crypt:3  | Identified the cursed +0 scale mail of Feghoseg {MR+++
                  | rCorr}
102733 | Crypt:3  | Found an ancient bone altar of Kikubaaqudgha.
103018 | Crypt:3  | Identified the +3 great sword "Hydrabane" {drain, rF+
                  | Dex+2}
103021 | Crypt:3  | Identified the Grimoire of Sinister Magic
103422 | Crypt:3  | Found a staircase to the Tomb.
103495 | Crypt:3  | Noticed an ancient lich
103496 | Crypt:3  | Killed an ancient lich
103864 | Vaults:5 | Entered Level 5 of the Vaults
103972 | Vaults:5 | Learned a level 2 spell: Sublimation of Blood
104101 | Vaults:5 | Reached skill level 1 in Necromancy
104416 | Vaults:5 | Identified the +8 short sword of the Lusting Genius {drain,
                  | *Corrode +Inv rN+ MR+++}
104416 | Vaults:5 | Identified the ring of the Queen {*Contam +Blink +Fly rPois
                  | Stlth+}
104658 | Vaults:5 | Identified the +9 rapier "Inwilas" {flame, Int+5 Dex-3}
104840 | Vaults:5 | Identified the +4 battleaxe "Jellyslayer" {vorpal, rC+
                  | Dex+2}
105213 | Vaults:5 | Identified the ring "Bokkoxaf" {rElec rPois rF+ Str-5}
105306 | Vaults:5 | Identified the ring "Seujat" {Wiz MP+9 Dex+3}
105319 | Vaults:5 | Reached XP level 27. HP: 144/144 MP: 37/52
105441 | Vaults:5 | Reached skill level 15 in Fighting
105842 | Vaults:5 | Got a silver rune of Zot
106388 | Vaults:5 | Identified the amulet "Ufriv" {Spirit +Inv Dex+4}
106592 | Vaults:5 | Identified the +4 scimitar of Acziyrch {pain, rElec rPois
                  | rN+}
106870 | Vaults:5 | Identified Secret Knowledge, Part Five
107411 | Vaults:5 | Identified the +8 plate armour of the Turtledove {rF+ rC+
                  | rN+}
107412 | Vaults:5 | Identified the +1 plate armour "Fopytuna" {Str+3}
107935 | Vaults:5 | Learned a level 8 spell: Death's Door
107944 | Vaults:5 | Learned a level 8 spell: Borgnjor's Revivification
108245 | Elf:1    | Killed sanka's ghost
108560 | Zig:1    | Entered Level 1 of a ziggurat
108600 | Zig:2    | Entered Level 2 of a ziggurat
108603 | Zig:2    | Noticed Kuth the pandemonium lord
108605 | Zig:2    | Killed Kuth the pandemonium lord
108672 | Zig:3    | Entered Level 3 of a ziggurat
108740 | Zig:4    | Entered Level 4 of a ziggurat
108831 | Zig:5    | Entered Level 5 of a ziggurat
108836 | Zig:5    | Noticed an ancient lich
108838 | Zig:5    | Killed an ancient lich
108838 | Zig:5    | Reached skill level 5 in Necromancy
109002 | Zig:6    | Entered Level 6 of a ziggurat
109059 | Zig:6    | Identified the +6 hunting sling of Wounding {speed, rN+
                  | Int+6}
109074 | Zig:7    | Entered Level 7 of a ziggurat
109549 | Depths:4 | Reached skill level 5 in Charms
111529 | Depths:5 | Found a gate to the Realm of Zot.
112106 | Zot:1    | Entered Level 1 of the Realm of Zot
113014 | Zot:1    | Noticed an orb of fire
113023 | Zot:1    | Killed an orb of fire
114056 | Zot:1    | Noticed an orb of fire
114058 | Zot:1    | Killed an orb of fire
114058 | Zot:1    | Reached skill level 10 in Necromancy
114434 | Zot:2    | Reached skill level 25 in Spellcasting
115418 | Zot:2    | Reached skill level 26 in Spellcasting
116550 | Zot:2    | Noticed an orb of fire
116551 | Zot:2    | Killed an orb of fire
116696 | Zot:3    | Reached skill level 27 in Spellcasting
117430 | Zot:4    | Found a transporter.
117430 | Zot:4    | Identified the ring of the Invisible Hand {rElec rF+ MP+9
                  | Dex+4}
117433 | Zot:4    | Found the amulet of Vitality {Regen+ HP+15}
117438 | Zot:4    | Noticed an orb of fire
117439 | Zot:4    | Killed an orb of fire
117748 | Zot:4    | Noticed Cuas's ghost (legendary DsFi)
117752 | Zot:4    | Identified the amulet "Vaecein" {Spirit rC+ Str-4 Int+7}
117861 | Zot:4    | Found a transporter.
118930 | Zot:4    | Noticed an orb of fire
119291 | Zot:4    | Killed an orb of fire
119834 | Zot:5    | Entered Level 5 of the Realm of Zot
120592 | Zot:5    | Noticed an ancient lich
120597 | Zot:5    | Killed an ancient lich
120742 | Zot:5    | Noticed an ancient lich
120751 | Zot:5    | Killed an ancient lich
120899 | Zot:5    | Noticed an ancient lich
120901 | Zot:5    | Killed an ancient lich
120904 | Zot:5    | Noticed an ancient lich
120905 | Zot:5    | Killed an ancient lich
121109 | Zot:5    | Noticed an orb of fire
121125 | Zot:5    | Noticed an orb of fire
121140 | Zot:5    | Killed an orb of fire
121154 | Zot:5    | Killed an orb of fire
121179 | Zot:5    | Killed an ancient lich
121873 | Zot:5    | Noticed an ancient lich
121880 | Zot:5    | Killed an ancient lich
122504 | Zot:5    | Got the Orb of Zot
122983 | D:$      | Escaped with the Orb!
